 Dungeon Crawl Stone Soup version 0.25-a0-822-g6581751b11 (webtiles) character file.

Game seed: 330735193514597507, levelgen mode: deterministic

553 tilp the Bolt Thrower (level 7, -4/41 HPs)
             Began as a Kobold Arcane Marksman on Apr 20, 2020.
             Was an Initiate of Okawaru.
             Slain by a centaur (7 damage)
             ... on level 4 of the Dungeon.
             The game lasted 00:12:14 (5988 turns).

tilp the Bolt Thrower (Kobold Arcane Marksman)      Turns: 5988, Time: 00:12:15

Health: -4/41      AC:  3    Str:  9    XL:     7   Next: 55%
Magic:  8/8        EV: 14    Int: 14    God:    Okawaru [......]
Gold:   201        SH:  6    Dex: 16    Spells: 5/8 levels left

rFire    . . .     SeeInvis .   b - +0 flail
rCold    . . .     Gourm    .   m - +0 buckler
rNeg     . . .     Faith    .   p - +0 leather armour (curse)
rPois    .         Spirit   .   (no helmet)
rElec    .         Reflect  .   (no cloak)
rCorr    .         Harm     .   (no gloves)
MR       .....                  (no boots)
Stlth    +.........             q - amulet of the acrobat
HPRegen  0.13/turn              (no ring)
MPRegen  0.11/turn              (no ring)

@: no status effects
A: small, carnivore
a: Renounce Religion


You were on level 4 of the Dungeon.
You worshipped Okawaru.
Okawaru was noncommittal.
You were very full.

You visited 2 branches of the dungeon, and saw 5 of its levels.

You collected 201 gold pieces.

Inventory:

Hand Weapons
 a - a +0 hand crossbow
 b - a +0 flail (weapon)
 d - a +0 short sword
 w - a +0 mace
Missiles
 t - 3 bolts
 v - 4 poisoned darts (quivered)
Armour
 e - a +0 robe
 m - a +0 buckler (worn)
 p - a cursed +0 leather armour (worn)
Magical Staves
 l - an uncursed staff of poison {unknown}
Jewellery
 k - an uncursed ring of protection from fire {unknown}
 q - an amulet of the acrobat (around neck)
Scrolls
 f - a scroll of magic mapping
 h - a scroll of noise {unknown}
 j - a scroll of blinking {unknown}
 n - 3 scrolls of remove curse {unknown}
 o - 2 scrolls of random uselessness {unknown}
 u - 2 scrolls of teleportation {unknown}
 x - a scroll of amnesia {unknown}
Potions
 g - 2 potions of lignification {unknown}
 i - a potion of curing
 r - a potion of degeneration {unknown}
 s - a potion of cancellation {unknown}
Comestibles
 c - 12 rations


   Skills:
 + Level 3.5 Fighting
 - Level 6.0 Crossbows
 - Level 2.4 Dodging
 - Level 4.0 Shields
 - Level 1.1 Spellcasting
 - Level 3.0 Hexes


You had 5 spell levels left.
You knew the following spells:

 Your Spells              Type           Power        Failure   Level  Hunger
a - Corona                Hex            #......      12%         1    ##.....
b - Slow                  Hex            #.......     19%         2    ###....

Your spell library contained the following spells:

 Spells                   Type           Power        Failure   Level  Hunger
 Inner Flame              Hex/Fire       #.......     56%         3    ####...
 Portal Projectile        Hex/Tloc       #.....       56%         3    ####...
 Cause Fear               Hex            #.........   77%         4    #####..
 Leda's Liquefaction      Hex/Erth       #.........   92%         4    #####..


Dungeon Overview and Level Annotations

Branches:
Dungeon (4/15)             Temple (1/1) D:4

Altars:
Ashenzari
Cheibriados
Dithmenos
Elyvilon
Fedhas
Gozag
Hepliaklqana
Kikubaaqudgha
Makhleb
Nemelex Xobeh
Okawaru
Qazlal
Ru
Sif Muna
Trog
Wu Jian
Xom
Yredelemnul
The Shining One


Innate Abilities, Weirdness & Mutations

You are small and have problems with some larger weapons.
You are carnivorous and can eat meat at any time.


Message History

You hit the centaur but do no damage.
The centaur is lightly wounded.
The centaur hits you but does no damage.
The centaur hits you!
* * * LOW HITPOINT WARNING * * *
You sock the centaur!
The centaur is heavily wounded.
The centaur hits you.
* * * LOW HITPOINT WARNING * * *
The centaur hits you but does no damage.
You completely miss the centaur.
The centaur is heavily wounded.
The centaur looks more healthy.
The centaur hits you.
* * * LOW HITPOINT WARNING * * *
The centaur hits you.
* * * LOW HITPOINT WARNING * * *
You barely miss the centaur.
The centaur is heavily wounded.
The centaur closely misses you. The centaur hits you!
You die...

### #######.# ........# ###
#######.# #.. #.# #.# #####.####
#.# #<.......# #.#
#######.##.####################..
..........(.....@c.............>#
........##.#######(############.#
.#########.# #(# #.# ....# #.#
#.#### ######.# ....### #.#
#.(..# #....... ......# ##'###
##...# #.####.. .####.###....#
8...8# #.# ### .####...#....#
##c..## #.# ...####.#....# #...#
#.#


You could see a centaur.

Vanquished Creatures
  2 ogres (D:4)
  A hound (D:4)
  2 iguanas (D:4)
  3 orc wizards
  3 worker ants
  6 adders
  An ooze (D:1)
  2 worms (D:2)
  2 dart slugs
  3 leopard geckos (D:3)
  12 orcs
  A ball python (D:3)
  5 giant cockroaches
  7 goblins
  3 hobgoblins
  8 jackals
  6 kobolds
  5 bats
  4 frilled lizards
  A jackal skeleton (D:4)
  10 rats
87 creatures vanquished.

Notes
Turn   | Place    | Note
-------+----------+-------------------------------------------
     0 | D:1      | tilp the Kobold Arcane Marksman began the quest for the
                  | Orb.
     0 | D:1      | Reached XP level 1. HP: 12/12 MP: 2/2
   109 | D:1      | Reached skill level 3 in Crossbows
   112 | D:1      | Reached XP level 2. HP: 16/16 MP: 3/3
   116 | D:1      | Learned a level 2 spell: Slow
   589 | D:1      | Reached skill level 4 in Crossbows
   589 | D:1      | Reached XP level 3. HP: 20/20 MP: 2/4
  1596 | D:2      | Reached XP level 4. HP: 25/25 MP: 0/5
  1669 | D:2      | Reached skill level 5 in Crossbows
  1980 | D:2      | Reached skill level 1 in Shields
  2593 | D:3      | Reached XP level 5. HP: 18/29 MP: 6/6
  3714 | D:3      | Found a hazy altar of Hepliaklqana.
  3805 | D:3      | Reached skill level 6 in Crossbows
  3805 | D:3      | Reached XP level 6. HP: 23/34 MP: 2/7
  3939 | D:4      | Found a staircase to the Ecumenical Temple.
  3963 | Temple   | Entered the Ecumenical Temple
  4085 | Temple   | Became a worshipper of Warmaster Okawaru
  4166 | D:4      | Noticed an ogre
  4173 | D:4      | Killed an ogre
  4759 | D:4      | Reached XP level 7. HP: 38/38 MP: 8/8
  4803 | D:4      | Found a shimmering blue altar of Sif Muna.
  5302 | D:4      | Reached * piety under Okawaru
  5988 | D:4      | Slain by a centaur

Levels and vault maps discovered:
D:1:      beargit_arrival_greenhouse, layout_loops_ring, grunt_decor_arrowhead,
          minivault_5
D:2:      layout_rooms
D:3:      layout_rooms, marbit_many_paths, minmay_misc_feat_diagonals
D:4:      layout_basic, lemuel_blue_sif_altar, minmay_temple_entry_ruins,
          first_ration, st_stairs_4, corexii_hall_statues_l
Temple:   minmay_crystal_spiral_temple

Skill      XL: |  1  2  3  4  5  6  7 |
---------------+----------------------+-----
Crossbows      | 3 4 5 6 |  6.0
Shields        | 1 2 3 4 |  4.0
Fighting       | 3 |  3.5
Dodging        | |  2.4
Spellcasting   | |  1.1
Hexes          | |  3.0

Action                   |  1- 3 |  4- 6 |  7- 9 || total
-------------------------+-------+-------+-------++-------
Melee: Unarmed           |    15 |       |       ||    15
       Short sword       |    40 |    62 |       ||   102
       Mace              |       |    14 |    60 ||    74
       Flail             |       |       |     6 ||     6
 Fire: Hand crossbow     |    53 |    70 |     6 ||   129
Throw: Dart              |       |    10 |    22 ||    32
 Cast: Corona            |    18 |    14 |     6 ||    38
       Slow              |     2 |    12 |     4 ||    18
  Use: Scroll            |     1 |     4 |       ||     5
       Potion            |       |     5 |       ||     5
  Eat: Chunk             |    11 |    12 |     2 ||    25
Armor: Robe              |    14 |     7 |       ||    21
       Leather armour    |       |     8 |    10 ||    18
Dodge: Dodged            |    86 |    92 |    48 ||   226
Block: Buckler           |       |       |    13 ||    13

Table legend:
 A = Non-vault XP
 B = Vault XP
 C = Vault XP percentage of total XP
 D = Non-vault monster count
 E = Vault monster count
 F = Vault count percentage of total count
                 A         B        C        D         E       F
            +---------+---------+-------+---------+---------+-------
      Total |     744 |      46 |   5.8 |      84 |       3 |   3.4
            +---------+---------+-------+---------+---------+-------
        D:1 |      45 |       0 |   0.0 |      27 |       0 |   0.0
        D:2 |      76 |       0 |   0.0 |      19 |       0 |   0.0
        D:3 |     165 |       2 |   1.2 |      20 |       1 |   4.8
        D:4 |     458 |      44 |   8.8 |      18 |       2 |  10.0
            +---------+---------+-------+---------+---------+-------
